 Dungeon Crawl Stone Soup version 0.31-a0-232-gb1c03b2570 (webtiles) character file.

Game seed: 1227654366842078581

95 qw the Shooter (level 4, -2/37 HPs)
             Began as a Minotaur Hexslinger on July 7, 2023.
             Slain by an orc
             ... wielding a +0 trident
              (5 damage)
             ... on level 3 of the Dungeon.
             The game lasted 00:00:41 (1737 turns).

qw the Shooter (Minotaur Hexslinger)                Turns: 1737, Time: 00:00:41

Health: -2/37      AC:  5    Str: 12    XL:     4   Next: 39%
Magic:  4/4        EV: 11    Int: 10    God:
Gold:   152        SH:  0    Dex: 15    Spells: 4/5 levels left

rFire   . . .        Y - +1 sling
rCold   . . .        (no shield)
rNeg    . . .        d - +0 ring mail
rPois   .            (helmet restricted)
rElec   .            (no cloak)
rCorr   .            (no gloves)
SInv    .            (no boots)
Will    .....        (no amulet)
Stlth   +            (no ring)
HPRegen 0.26/turn    (no ring)
MPRegen 0.09/turn

%: no passive effects
@: no status effects
A: horns 2, retaliatory headbutt
a: no special abilities


You were on level 3 of the Dungeon.
You visited 1 branch of the dungeon, and saw 3 of its levels.

You collected 152 gold pieces.


Innate Abilities, Weirdness & Mutations

You have a pair of horns on your head.
You reflexively headbutt those who attack you in melee.


   Skills:
 - Level 2.4 Fighting
 + Level 4.5 Ranged Weapons
 - Level 1.2 Armour
 - Level 2.1 Dodging
 - Level 1.0 Spellcasting
 - Level 2.0 Hexes


You had 4 spell levels left.
You knew the following spells:

 Your Spells              Type           Power      Damage    Failure   Level
a - Slow                  Hex            16%        N/A       34%         1

Your spell library contained the following spells:

 Spells                   Type           Power      Damage    Failure   Level
 Inner Flame              Hex/Fire       2%         N/A       83%         3
 Portal Projectile        Hex/Tloc       4%         N/A       83%         3
 Cause Fear               Hex            2%         N/A       98%         4

Inventory:

Hand Weapons
 Y - a +1 sling (weapon)
Armour
 d - a +0 ring mail (worn)
Scrolls
 b - 2 scrolls of teleportation
 c - 5 scrolls of identify
Potions
 a - 2 potions of resistance {unknown}
 e - 3 potions of curing {unknown}
 f - a potion of might {unknown}
 g - a potion of enlightenment

Dungeon Overview and Level Annotations

Branches:
Dungeon (3/15)

Altars:
The Shining One

Shops:
D:1 =


Message History

You start resting.
You feel sick. x5
You are no longer poisoned.
HP restored.
c - 5 scrolls of identify (gained 1)
An orc priest comes into view. It is wielding a +0 whip.
The orc priest shouts!
You hear a shout! x2
Enter note:
Enter note:
Enter note:
Enter note: You shoot a sling bullet.
The sling bullet hits the orc priest but does no damage.
You shoot a sling bullet.
The sling bullet completely misses the orc priest.
An orc comes into view. It is wielding a +0 trident.
You shoot a sling bullet.
The sling bullet completely misses the orc priest.
The orc priest mumbles some strange prayers to Beogh against you.
Pain shoots through your body!
You shoot a sling bullet.
The sling bullet hits the orc priest but does no damage.
The orc priest looks braver for a moment.
You shoot a sling bullet. The sling bullet hits the orc priest.
The orc priest is moderately wounded.
The orc priest calls down the wrath of Beogh upon you.
Beogh smites you!
You shoot a sling bullet. The sling bullet hits the orc priest.
The orc priest is heavily wounded.
The orc hits you but does no damage.
You shoot a sling bullet.
The sling bullet barely misses the orc priest.
The orc hits you from afar with a +0 trident.
The orc priest hits you with a +0 whip.
You shoot a sling bullet.
The sling bullet barely misses the orc priest.
The orc hits you from afar with a +0 trident.
The orc priest barely misses you. The orc priest hits you with a +0 whip.
The orc hits you from afar with a +0 trident.
You die...

######## #.......
#....... #.......
#....... #.......
######.......
#########..<.....####
#..o@................
.....o........#####..###
####.########## ##.## .
.. #..# .### ##.# .##
#.## ..# #... #.# ###.
#.# ####.


You could see an orc priest and an orc.

Vanquished Creatures
  4 adders
  2 worms
  2 orcs
  3 ball pythons
  2 endoplasms (D:3)
  4 giant cockroaches
  4 goblins
  3 hobgoblins
  6 jackals
  2 kobolds
  2 quokkas (D:2)
  7 bats
  A frilled lizard (D:1)
  4 rats
46 creatures vanquished.

Notes
Turn   | Place    | Note
-------+----------+-------------------------------------------
     0 | D:1      | qw the Minotaur Hexslinger began the quest for the Orb.
     0 | D:1      | Reached XP level 1. HP: 16/16 MP: 1/1
     0 | D:1      | 0 ||| qw: Version: 0.3-a-46-gb1f654a
     0 | D:1      | 0 ||| qw: Game counter: 2243
     0 | D:1      | 0 ||| qw: Melee chars always use a shield: true
     0 | D:1      | 0 ||| qw: God list: Okawaru
     0 | D:1      | 0 ||| qw: Allow faded altars: false
     0 | D:1      | 0 ||| qw: Do Orc after clearing Dungeon:15 true
     0 | D:1      | 0 ||| qw: Do second Lair branch before Depths: true
     0 | D:1      | 0 ||| qw: Lair rune preference: random
     0 | D:1      | 0 ||| qw: Goals: Normal
     0 | D:1      | 0 ||| PLANNING D:1-11
    66 | D:1      | Found Lioture's Jewellery Shop.
    75 | D:1      | 75 ||| SHOPLISTING +6 ring of dexterity (360 gold, have 6).
    75 | D:1      | 75 ||| SHOPLISTING amulet of regeneration (300 gold, have
                  | 6).
    75 | D:1      | 75 ||| SHOPLISTING amulet of the acrobat (300 gold, have
                  | 6).
    75 | D:1      | 75 ||| SHOPLISTING ring of Piucats {Wiz rPois rC++ Dex-2}
                  | (545 gold, have 6).
    75 | D:1      | 75 ||| SHOPLISTING ring of fire (250 gold, have 6).
    75 | D:1      | 75 ||| SHOPLISTING ring of protection from fire (250 gold,
                  | have 6).
    95 | D:1      | Found a faded altar of an unknown god.
   394 | D:1      | Reached skill level 3 in Ranged Weapons
   511 | D:1      | 511 ||| DROPPING ring of flight.
   512 | D:1      | 512 ||| READING scroll labelled HEUNOUL JIAT.
   513 | D:1      | 513 ||| READING scroll labelled LEKLACW FIOCS.
   516 | D:1      | 516 ||| READING scroll labelled SENUKU GIETERCH.
   517 | D:1      | 517 ||| READING scroll labelled ONGUNG WEIG.
   518 | D:1      | 518 ||| DROPPING scroll of poison.
   533 | D:2      | Reached XP level 2. HP: 23/23 MP: 2/2
   777 | D:2      | Reached XP level 3. HP: 25/30 MP: 3/3
   866 | D:2      | Found a glowing golden altar of the Shining One.
  1161 | D:2      | 1161 ||| UPGRADING to +0 ring mail.
  1171 | D:2      | 1171 ||| DROPPING +0 robe.
  1172 | D:2      | 1172 ||| READING scroll labelled BIORUH ZIUT.
  1173 | D:2      | 1173 ||| DRINKING 2 sedimented clear potions.
  1380 | D:3      | Reached skill level 4 in Ranged Weapons
  1420 | D:3      | Reached skill level 1 in Armour
  1494 | D:3      | Reached XP level 4. HP: 37/37 MP: 4/4
  1737 | D:3      | HP: 5/37 [orc/+0 trident (6)]
  1737 | D:3      | Slain by an orc

Levels and vault maps discovered:
D:1:      minmay_arrival_arboretum_small, layout_loops_ring, serial_glass,
          glass_columns_b, glass_columns_b, shapermc_ecumenical_altar_petra,
          serial_shops, shop
D:2:      layout_loops_cross, serial_glass, glass_columns_a, glass_columns_b,
          glass_columns_b, basic_altar
D:3:      layout_rooms

Skill      XL: |  1  2  3 |
---------------+----------+-----
Ranged Weapons | 3 4 |  4.5
Fighting       | 2 |  2.4
Armour         | 1 |  1.2
Dodging        | |  2.1
Spellcasting   | |  1.0
Hexes          | |  2.0

Action                     |  1- 3 |  4- 6 || total
---------------------------+-------+-------++-------
   Fire: Sling             |   123 |    44 ||   167
    Use: Scroll            |     5 |       ||     5
         Potion            |     1 |       ||     1
 Armour: Robe              |     8 |       ||     8
         Ring mail         |     8 |    11 ||    19
  Dodge: Dodged            |    45 |    13 ||    58

Table legend:
 A = Non-vault XP
 B = Vault XP
 C = Vault XP percentage of total XP
 D = Non-vault monster count
 E = Vault monster count
 F = Vault count percentage of total count
                 A         B        C        D         E       F
            +---------+---------+-------+---------+---------+-------
      Total |     136 |       0 |   0.0 |      46 |       0 |   0.0
            +---------+---------+-------+---------+---------+-------
        D:1 |      11 |       0 |   0.0 |       7 |       0 |   0.0
        D:2 |      49 |       0 |   0.0 |      18 |       0 |   0.0
        D:3 |      76 |       0 |   0.0 |      21 |       0 |   0.0
            +---------+---------+-------+---------+---------+-------
